Cogmind - Beta 14 @@@ ROGUE MODE // 2025.03.25 @ 21:51:59 Player: Singularius Result: Destroyed by G-67 Veteran with Field Laser Performance ------------- Evolutions (1) 500 Regions Visited (6) 1200 Robots Destroyed (47) 235 Value Destroyed (1406) 1406 Prototype IDs (2) 40 Alien Tech Used (0) 0 Bonus (713) 713 TOTAL SCORE: 4094 Bonus ------- Follower Combat Kills 221 Met Imprinter 300 Was Imprinted 300 Friendly Fire -108 Cogmind --------- Core Integrity 0/400 Matter 265/300 Energy 100/100 System Corruption 15% Temperature Cool (21) Movement Core (200) Ox3 Location -6/Proximity Caves Parts ------- > --- POWER (1) -------- (None) > --- PROPULSION (2) --- (None) > --- UTILITY (3) ------ Improved Melee Analysis Suite Improved Armor Integrity Analyzer Layered Medium Armor Plating > --- WEAPON (3) ------- Makeshift Axe > --- INVENTORY (5) ---- Spread Laser Storm Laser Peak State ------------ > --- POWER ------------ Light Angular Momentum Engine > --- PROPULSION ------- Carbon-fiber Leg Improved Carbon-fiber Leg > --- UTILITY ---------- Cooling System Small Storage Unit Improved Targeting Computer > --- WEAPON ----------- Spread Laser Spread Laser Spread Laser > --- INVENTORY -------- Improved Armor Integrity Analyzer Beam Rifle Spread Laser Storm Laser Makeshift Axe [Rating: 26] Favorites ----------- Power Light Nuclear Core Engine Light Ion Engine Power Core Light Nuclear Core Propulsion Aluminum Leg Leg Aluminum Leg Utility Small Storage Unit Device Cooling System Storage Small Storage Unit Processor Improved Targeting Computer Protection Light Armor Plating Weapon Spread Laser Energy Gun Spread Laser Launcher Grenade Launcher Slashing Weapon Makeshift Axe Build | -11 -10 -10 -9 -9 -7 -6 ------- Run | Yrd Mat Min Mat Min Zio Pro Slots Evolved 2 | . . . 2 . . . Power . | . . . . . . . Propulsion . | . . . . . . . Utility 1 | . . . 1 . . . Weapon 1 | . . . 1 . . . Parts Attached 42 | 6 12 . 12 . 2 10 Power 6 | 1 2 . 1 . . 2 Engine 4 | 1 1 . . . . 2 Core 2 | . 1 . 1 . . . Reactor . | . . . . . . . Propulsion 10 | 2 3 . 2 . 2 1 Treads . | . . . . . . . Leg 10 | 2 3 . 2 . 2 1 Wheel . | . . . . . . . Hover . | . . . . . . . Flight . | . . . . . . . Utility 10 | 1 3 . 3 . . 3 Device 2 | . . . 2 . . . Storage 1 | 1 . . . . . . Processor 3 | . . . 1 . . 2 Hackware . | . . . . . . . Protection 4 | . 3 . . . . 1 Artifact . | . . . . . . . Weapon 16 | 2 4 . 6 . . 4 Energy Gun 14 | 2 3 . 6 . . 3 Energy Cannon . | . . . . . . . Ballistic Gun . | . . . . . . . Ballistic Cannon . | . . . . . . . Launcher 1 | . 1 . . . . . Special Weapon . | . . . . . . . Impact Weapon . | . . . . . . . Slashing Weapon 1 | . . . . . . 1 Piercing Weapon . | . . . . . . . Special Melee Weapon . | . . . . . . . Unidentified Prototypes . | . . . . . . . Corrupted Parts 1 | . . . . . . 1 System Corruption 6 | . . . . . . 6 Parts Lost 13 | . 1 . 1 . . 11 Power 3 | . 1 . . . . 2 Propulsion 2 | . . . . . . 2 Utility 4 | . . . 1 . . 3 Weapon 4 | . . . . . . 4 Highest Loss Streak 7 | . 1 . 1 . . 7 To Critical Strikes 1 | . . . . . . 1 Average Slot Usage (%) 97 | . 94 100 98 100 100 82 Engine 1 | . 10 . . . . 5 Core 9 | . 3 14 10 11 11 1 Leg 22 | . 26 28 22 22 22 17 Device 7 | . . . 8 11 11 7 Storage 11 | . 14 14 11 11 11 8 Processor 8 | . . . 11 11 11 10 Protection 3 | . 10 14 1 . . . Energy Gun 31 | . 27 28 33 33 33 27 Peak Build Rating 26 | 6 12 12 17 17 25 26 Average Rating 17 | 4 7 12 16 17 21 22 On Entrance 12 | . 6 12 12 17 17 25 Naked Turns . | . . . . . . . Heaviest Build 25 | 12 19 19 22 21 21 25 Greatest Support 38 | 20 20 20 20 20 38 38 Greatest Overweight (x) 4 | 1 4 . 1 1 1 3 Average Overweight (x) . | . . . . 1 . . Largest Inventory Capacity 8 | 8 8 8 8 8 8 8 Average Capacity 7 | 6 8 8 8 8 8 7 Most Carried 8 | 1 8 8 8 8 8 8 Average Carried 7 | . 5 7 7 8 7 7 Final Capacity 8 | 8 8 8 8 8 8 5 Final Carried 8 | 1 8 8 8 8 8 5 Class Distribution -------------------- 70% | Gunner 25% | Mutant 4% | Scavenger-Gunner Dominant Class ---------------- Mutant | -10/Materials Mutant | -10/Mines Gunner | -9/Materials Gunner | -9/Mines Gunner | -7/Zion Gunner | -6/Proximity Caves Resources | -11 -10 -10 -9 -9 -7 -6 ----------- Run | Yrd Mat Min Mat Min Zio Pro Matter Collected 649 | 248 157 . 189 . 10 45 Remotely . | . . . . . . . Salvage Created 1363 | . 333 33 618 . . 379 Parts 87 | . 26 6 47 . . 8 Haulers Intercepted . | . . . . . . . Recyclers Shooed . | . . . . . . . Parts Field Recycled . | . . . . . . . Retrieved Matter . | . . . . . . . Parts Self-Destructed 11 | . . . . . . 11 Prevented 5 | . . . . . . 5 Kills | -11 -10 -10 -9 -9 -7 -6 ------- Run | Yrd Mat Min Mat Min Zio Pro Combat Hostiles Destroyed 42 | . 10 3 22 . . 7 Melee 2 | . . . . . . 2 Guns 38 | . 8 3 22 . . 5 AOE 1 | . 1 . . . . . Classes Destroyed 8 | . 4 . 3 . . 1 Tunneler 1 | . 1 . . . . . Watcher 3 | . 2 . 1 . . . Swarmer 14 | . 3 3 7 . . 1 Grunt 16 | . 7 . 6 . . 3 Brawler 4 | . . . 2 . . 2 Duelist 1 | . . . 1 . . . Sentry 7 | . . . 6 . . 1 Mutant 1 | . . . . . . 1 Best Kill Streak 4 | . 4 3 4 . . 4 Combat Bots Only 4 | . 3 3 4 . . 4 Max Kills in Single Turn 1 | . 1 1 1 . . 1 Gunslinging . | . . . . . . . Exploded 1 | . 1 . . . . . Melee 1 | . . . . . . 1 Uniques/NPCs Destroyed . | . . . . . . . Combat | -11 -10 -10 -9 -9 -7 -6 -------- Run | Yrd Mat Min Mat Min Zio Pro Hostile Shots Fired 162 | . 35 10 55 . . 62 Missed 48 | . 13 4 17 . . 14 Damage Taken 2016 | . 317 48 446 . . 1205 Core 444 | . 28 . 76 . . 340 Absorbed by Shields . | . . . . . . . Regen/Repaired (Parts) 70 | . . . 15 . 55 . Core Remaining (%) 94 | 100 . 88 . . . . Volleys Fired 84 | . 29 4 33 . . 18 Largest 3 | . 2 2 3 . . 3 Hottest 195 | . 130 130 195 . . 195 Shots Fired 207 | . 52 8 99 . . 48 Gun 204 | . 49 8 99 . . 48 Cannon . | . . . . . . . Launcher 3 | . 3 . . . . . Special . | . . . . . . . Kinetic . | . . . . . . . Thermal 204 | . 49 8 99 . . 48 Explosive 3 | . 3 . . . . . Electromagnetic . | . . . . . . . Robot Hit Streak 18 | . 11 3 13 . . 18 Robot Miss Streak 15 | . 6 15 8 . . 10 Penetration Max . | . . . . . . . Secondary Targets 5 | . 3 1 1 . . . Max Gunslinging Chain 1 | . 1 1 1 . . . Shots Hit Robots 155 | . 32 5 71 . . 47 Core Hits 195 | . 21 7 95 . . 72 Critical Kills . | . . . . . . . Critical Parts Destroyed . | . . . . . . . Critical Strikes 2 | . 2 . . . . . Burn 2 | . 2 . . . . . Melee Attacks 7 | . . . . . . 7 Impact . | . . . . . . . Slashing 7 | . . . . . . 7 Piercing . | . . . . . . . Sneak Attacks . | . . . . . . . Combat Hostiles . | . . . . . . . Follow-up Attacks . | . . . . . . . Damage Inflicted 2553 | . 677 32 964 . . 880 Guns 2100 | . 392 32 964 . . 712 Cannons . | . . . . . . . Explosions 285 | . 285 . . . . . Melee 168 | . . . . . . 168 Ramming . | . . . . . . . Kinetic . | . . . . . . . Thermal 2100 | . 392 32 964 . . 712 Explosive 285 | . 285 . . . . . Electromagnetic . | . . . . . . . Impact . | . . . . . . . Slashing 168 | . . . . . . 168 Piercing . | . . . . . . . Highest Corruption 15 | . . . . . . 15 Average Corruption 10 | . . . . . . 10 Corruption Purged . | . . . . . . . Corruption Blocked . | . . . . . . . Effects 7 | . . . . . . 7 Message Errors 2 | . . . . . . 2 Energy Discharges 2 | . . . . . . 2 Parts Rejected 1 | . . . . . . 1 Data Loss (major) 1 | . . . . . . 1 Alerts 1 | . . . . . . 1 Overload Shots . | . . . . . . . Overflow Damage 10 | . 10 . . . . . Projectiles . | . . . . . . . Explosions 10 | . 10 . . . . . Melee . | . . . . . . . Knockbacks . | . . . . . . . Impact . | . . . . . . . Kinetic . | . . . . . . . Secondary . | . . . . . . . Self-Inflicted Damage 87 | . 87 . . . . . Shots 1 | . 1 . . . . . Rammed . | . . . . . . . Targets Rammed . | . . . . . . . Kicked . | . . . . . . . Crushed . | . . . . . . . Highest Temperature 528 | . 297 336 528 . . 374 Average Temperature 141 | . 109 172 164 . . 126 Received Heat Transfer 601 | . 111 . 147 . . 343 Effects 14 | . . 2 10 . . 2 Shutdowns 1 | . . . 1 . . . Energy Bleed 3 | . . 2 1 . . . Interference 4 | . . . 3 . . 1 Matter Decay 2 | . . . 2 . . . Damage (minor) 1 | . . . . . . 1 Damage (major) 3 | . . . 3 . . . Siege Activations . | . . . . . . . Robots Corrupted . | . . . . . . . Combat Hostiles . | . . . . . . . Parts Fried . | . . . . . . . Impact Corruptions . | . . . . . . . Robots Melted 1 | . 1 . . . . . Combat Hostiles 1 | . 1 . . . . . Parts Melted 1 | . 1 . . . . . Heat Transferred 3401 | . 1163 40 1278 . . 920 Parts Sabotaged . | . . . . . . . Parts Stolen . | . . . . . . . Parts Stripped . | . . . . . . . Power Chain Reactions . | . . . . . . . Alert | -11 -10 -10 -9 -9 -7 -6 ------- Run | Yrd Mat Min Mat Min Zio Pro Peak Influence 355 | . 179 130 355 138 . . Initial 138 | . . 60 50 138 . . Average 156 | . 113 128 204 138 . . Maximum Alert Level 1 | . . . 1 . . . Low Security (%) 74 | 100 100 100 44 100 . . Level 1 25 | . . . 55 . . . Level 2 . | . . . . . . . Level 3 . | . . . . . . . Level 4 . | . . . . . . . Level 5 . | . . . . . . . High Security . | . . . . . . . Max Security . | . . . . . . . Squads Dispatched 2 | . 1 . . . . 1 Investigation . | . . . . . . . Extermination . | . . . . . . . Reinforcement 1 | . 1 . . . . . Assault 1 | . . . . . . 1 Garrison . | . . . . . . . Intercept . | . . . . . . . Searches Triggered . | . . . . . . . Construction Impeded . | . . . . . . . Haulers Reinforced . | . . . . . . . Active Scanning Responses . | . . . . . . . Cargo Convoy Interrupts . | . . . . . . . Stealth | -11 -10 -10 -9 -9 -7 -6 --------- Run | Yrd Mat Min Mat Min Zio Pro Distress Signals 4 | . 2 . 2 . . . Communications Jammed . | . . . . . . . Distress Signals . | . . . . . . . Times Spotted 63 | . 14 3 25 . . 21 Peak Tracking Total 8 | . 4 3 4 . . 8 Tactical Retreats 2 | . . . 1 . . 1 Traps | -11 -10 -10 -9 -9 -7 -6 ------- Run | Yrd Mat Min Mat Min Zio Pro Traps Triggered 2 | . 2 . . . . . Indirectly . | . . . . . . . Trap Hack Attempts . | . . . . . . . Triggered . | . . . . . . . Disarmed . | . . . . . . . Reprogrammed . | . . . . . . . Reused . | . . . . . . . Traps Extracted . | . . . . . . . Installed . | . . . . . . . Triggered . | . . . . . . . Machines | -11 -10 -10 -9 -9 -7 -6 ---------- Run | Yrd Mat Min Mat Min Zio Pro Machines Disabled 1 | . 1 . . . . . Max in Single Turn 1 | . 1 . . . . . Machines Repaired . | . . . . . . . Machines Dismantled . | . . . . . . . Machines Sabotaged . | . . . . . . . Overloaded Fab Kills . | . . . . . . . Hacking | -11 -10 -10 -9 -9 -7 -6 --------- Run | Yrd Mat Min Mat Min Zio Pro Machines Accessed 14 | . 6 . 7 . 1 . Terminals 8 | . 4 . 4 . . . Fabricators . | . . . . . . . Repair Stations 1 | . . . 1 . . . Recycling Units 4 | . 2 . 2 . . . Scanalyzers . | . . . . . . . Garrison Access . | . . . . . . . Total Hacks 35 | . 15 . 19 . 1 . Successful 15 | . 6 . 8 . 1 . Failed 20 | . 9 . 11 . . . Catastrophic 5 | . 3 . 2 . . . Database Lockouts . | . . . . . . . Manual . | . . . . . . . Terminals 22 | . 10 . 12 . . . Fabricators . | . . . . . . . Repair Stations 3 | . . . 3 . . . Recycling Units 9 | . 5 . 4 . . . Scanalyzers . | . . . . . . . Garrison Access . | . . . . . . . Terminal Hacks 8 | . 4 . 3 . 1 . Part Schematic 1 | . . . . . 1 . Robot Analysis 2 | . 2 . . . . . Prototype ID Bank 1 | . . . 1 . . . Locate Traps 2 | . 1 . 1 . . . Registered Components 2 | . 1 . 1 . . . Fabricator Hacks . | . . . . . . . Repair Station Hacks 2 | . . . 2 . . . Scan Component 1 | . . . 1 . . . Repair 1 | . . . 1 . . . Recycling Unit Hacks 5 | . 2 . 3 . . . Report Inventory 2 | . . . 2 . . . Retrieve Components 3 | . 2 . 1 . . . Scanalyzer . | . . . . . . . Garrison Access Hacks . | . . . . . . . Unauthorized Hacks . | . . . . . . . Terminals . | . . . . . . . Fabricators . | . . . . . . . Repair Stations . | . . . . . . . Recycling Units . | . . . . . . . Scanalyzers . | . . . . . . . Garrison Access . | . . . . . . . Data Cores Recovered . | . . . . . . . Used . | . . . . . . . Hacking Detections 11 | . 5 . 6 . . . Full Trace Events . | . . . . . . . Feedback Events . | . . . . . . . Feedback Blocked . | . . . . . . . Robot Schematics Acquired 3 | . . . . . 3 . Robots Built . | . . . . . . . Authchips . | . . . . . . . Time . | . . . . . . . Total Robot Build Rating . | . . . . . . . Part Schematics Acquired 14 | . . . . . 14 . Parts Built . | . . . . . . . Authchips . | . . . . . . . Time . | . . . . . . . Total Part Build Rating . | . . . . . . . Parts Repaired 1 | . . . 1 . . . Time 19 | . . . 19 . . . Parts Recycled . | . . . . . . . Recycled Matter . | . . . . . . . Retrieved Matter . | . . . . . . . Retrieved Components 10 | . 1 . 9 . . . Parts Scanalyzed . | . . . . . . . Part Schematics Acquired . | . . . . . . . Parts Damaged . | . . . . . . . Bothacking | -11 -10 -10 -9 -9 -7 -6 ------------ Run | Yrd Mat Min Mat Min Zio Pro Used RIF Installer . | . . . . . . . Robots Hacked . | . . . . . . . Non-combat . | . . . . . . . Combat . | . . . . . . . Robot Hacks Applied . | . . . . . . . Relay Couplers Released . | . . . . . . . Fabnet Peak Effective % . | . . . . . . . Robots Rewired . | . . . . . . . Allies Hacked . | . . . . . . . Hacks Repelled . | . . . . . . . Allies | -11 -10 -10 -9 -9 -7 -6 -------- Run | Yrd Mat Min Mat Min Zio Pro Total Allies 4 | . . . . . 4 . Largest Group 4 | . . . . . 4 2 Highest-Rated Group 147 | . . . . . 147 70 Highest-Rated Ally 40 | . . . . . 40 35 Total Orders . | . . . . . . . Ally Attacks 38 | . . . . . . 38 Total Damage 1126 | . . . . . . 1126 Kills 8 | . . . . . . 8 Allies Corrupted . | . . . . . . . Allies Melted . | . . . . . . . Intel | -11 -10 -10 -9 -9 -7 -6 ------- Run | Yrd Mat Min Mat Min Zio Pro Robot Analysis Total 2 | . 2 . . . . . Derelict Logs Recovered 2 | . . 1 . . 1 . Drone Launches . | . . . . . . . Drone Recoveries . | . . . . . . . Exploration | -11 -10 -10 -9 -9 -7 -6 ------------- Run | Yrd Mat Min Mat Min Zio Pro Turns Passed 4362 | 58 634 339 1028 188 1840 275 Spaces Moved 2692 | 39 390 252 490 91 1269 161 Core 29 | 2 2 . . . . 25 Treads . | . . . . . . . Legs 2663 | 37 388 252 490 91 1269 136 Wheels . | . . . . . . . Hover . | . . . . . . . Flight . | . . . . . . . Fastest Speed 50 | 50 120 120 120 190 120 50 Average Speed 142 | 125 125 120 169 190 142 114 Slowest Speed 250 | 190 250 120 190 190 190 200 Overloaded Moves . | . . . . . . . Propulsion Burnouts . | . . . . . . . Robots Hopped . | . . . . . . . Cave-ins Triggered . | . . . . . . . Exploration Rate (%) 46 | 3 64 65 53 25 88 30 Regions Visited 6 Branch Regions 4 Pre-discovered Areas 4 | . . 1 . . 3 . Known Exits Taken . | . . . . . . . Unknown Exits Taken 6 | 1 1 1 1 1 1 . Scrap Searched 5 | . . 1 . 1 1 2 Spaces Dug . | . . . . . . . Terrain Destroyed 37 | . 37 . . . . . Melee . | . . . . . . . Projectile . | . . . . . . . AOE 37 | . 37 . . . . . Terrain Rammed . | . . . . . . . Walls Destroyed . | . . . . . . . Machines Disabled . | . . . . . . . Actions | -11 -10 -10 -9 -9 -7 -6 --------- Run | Yrd Mat Min Mat Min Zio Pro Total 3047 | 45 480 282 619 107 1310 204 Wait 174 | . 32 21 67 17 31 6 Move 2686 | 38 389 251 489 90 1268 161 Hop . | . . . . . . . Pick Up 24 | 1 11 3 7 . 2 . Fast Attach 19 | 6 5 . 2 . . 6 Attach 6 | . 1 . 3 . . 2 Detach . | . . . . . . . Swap 17 | . 6 . 7 . 2 2 Drop 30 | . 7 3 11 . 7 2 Fire 84 | . 29 4 33 . . 18 Melee 7 | . . . . . . 7 Ram . | . . . . . . . Kick . | . . . . . . . Crush . | . . . . . . . Escape Stasis . | . . . . . . . Rewire . | . . . . . . . Trap . | . . . . . . . Miscellaneous . | . . . . . . . Route ------- -11/Scrapyard -10/Materials -10/Mines (discovered 2 exits: *Mat x2) -9/Materials (discovered 3 exits: [*Min x2] / [*Sto]) -9/Mines (discovered 2 exits: [*Mat] / *Zio) -7/Zion -6/Proximity Caves History --------- Turn | Location | Event 24 | -11/Scrapyard | Discovered new exit (range 15) 59 | -11/Scrapyard | Entered Materials 301 | -10/Materials | Build established: Mutant 332 | -10/Materials | Discovered new exit (range 9) 693 | -10/Materials | Entered Mines 729 | -10/Mines | Received a Rocket Launcher from a helpful Derelict 817 | -10/Mines | Discovered new exit (range 15) 864 | -10/Mines | A weapon hastily lodged in a ceiling crevice suddenly fell to the ground 1002 | -10/Mines | Learned location of Storage (-9) 1014 | -10/Mines | Discovered new exit (range 9) 1032 | -10/Mines | Entered Materials 1032 | -9/Materials | Evolved 2 slots: Utility x1, Weapon x1 1165 | -9/Materials | Discovered new exit (range 10) 1363 | -9/Materials | Discovered new exit (range 5) 1527 | -9/Materials | Discovered new exit (range 12) 1597 | -9/Materials | Repaired Lgt. Nuclear Core 1707 | -9/Materials | Build established: Gunner 2060 | -9/Materials | Entered Mines 2117 | -9/Mines | Discovered new exit (range 13) 2137 | -9/Mines | Met a Derelict bent on vengeance 2238 | -9/Mines | A Derelict revealed a hidden shortcut to a safe place 2248 | -9/Mines | Entered Zion 2473 | -7/Zion | Discovered new exit (range 15) 2587 | -7/Zion | Learned location of Data Miner (-6) 2661 | -7/Zion | Learned location of Warlord (-5) 2735 | -7/Zion | Found Prototype Energy Gun 3231 | -7/Zion | Met Imprinter 3252 | -7/Zion | Imprinted 3254 | -7/Zion | Declared Zion's savior 3360 | -7/Zion | Learned 4 Factory zone layouts 4088 | -7/Zion | Entered Proximity Caves 4088 | -6/Proximity Caves | Accompanied by 2 allies 4090 | -6/Proximity Caves | Spotter reported a threat 4091 | -6/Proximity Caves | Spotter reported a threat 4261 | -6/Proximity Caves | Attracted the attention of an 0b10 outpost 4290 | -6/Proximity Caves | System corruption reached 10% 4322 | -6/Proximity Caves | Lost 7 parts (1p1n3u2w) 4336 | -6/Proximity Caves | Core integrity fell below 50% 4340 | -6/Proximity Caves | Core integrity fell below 20% 4363 | -6/Proximity Caves | Destroyed by G-67 Veteran with Field Laser Last Messages --------------- Spread Laser destroyed. B-48 Gladiator destroyed. Imp. Carbon-fiber Leg destroyed. Beam Rifle destroyed. System corrupted: Substantial component data lost. Chain reaction triggered in Imp. Deuterium Engine. Corrupted Lgt. Treads self-destruct mechanism malfunctions. Searching scrap... Found Lyr. Medium Armor Plating. Found Mak. Hammer. Found Imp. Melee Analysis Suite. Found Arm. Wheel. Found 61 Matter. Acquired Lyr. Medium Armor Plating. System corrupted: IFF burst signal emitted. Acquired Imp. Melee Analysis Suite. Critical hit (Burn: +37). Map ----- +----------------------------------------------------+ | ## ##?????????????????????????????????? | | # #####?????????????????????????????? | | ### ??????????????????????????????? | | #### ##?# ########???????????????????????? | | #### #?## # # "#???????????????????????? | | #"" #### " "#???????????????????????? | | #"% %%### = "% "#???????????????????????? | | ##" %["## %=" "#???????????????????????? | | ######" " "#???????????????????????? | | ?????#"" " " "#???????????????????????? | | ?????##### ## ######## #????????????????????? | | #????????## ### #????????????????????? | | #?????????#####?## #?????????????????????? | | ??????????######## #### ##?????????????????????? | | ??? l#???????????? #??????????????? | | ??? ####### l############ #??????????????? | | ?????? ####### gg #?? #??????????? | | ????? #??????????? | | ???????# ####?? #???????????? | | ???????# ##### #????????????? | | ???????# ## ## / #?????????????? | | ??????# ???#### ### %= ##?????????????? | | ??????#????????###??# ######??????????????? | | ???????????????????## ##?????????????????? | | ???????????????????# #?????????????????? | | ???????????????????# @ #?????????????????? | | ???????????????????# #?????????????????? | | ???????????????????## ##?????????????????? | | ????????????????????# ####??????????????????? | | ??????????????????? ###?????????????????????? | | ?????????????????? ##???????????????????????? | | ???????????????? #????????????????????????? | | ??????????????? #????????????????????????? | | ??????????????####### #?????????????????????????? | | ????????????????????###??????????????????????????? | | ?????????????????????????????????????????????????? | | ?????????????????????????????????????????????????? | | ?????????????????????????????????????????????????? | | ?????????????????????????????????????????????????? | | ?????????????????????????????????????????????????? | | ?????????????????????????????????????????????????? | | ?????????????????????????????????????????????????? | | ?????????????????????????????????????????????????? | | ?????????????????????????????????????????????????? | | ?????????????????????????????????????????????????? | | ?????????????????????????????????????????????????? | | ?????????????????????????????????????????????????? | | ?????????????????????????????????????????????????? | | ?????????????????????????????????????????????????? | | ?????????????????????????????????????????????????? | +----------------------------------------------------+ Best States ------------- Heat Dissipation 50 Energy Generation 18 Energy Capacity 160 Matter Stores 300 Matter Capacity 300 Sight Range 16 Terrain Scan Density 10 Armor Coverage 225 Evasion (%) 55 Targeting Accuracy 6 Melee Accuracy 6 Armor Integrity Analysis 40 Item Schematics ----------------- Ripper | -7/Zion | Free Energy Well | -7/Zion | Archive Adv. Terrain Scan Processor | -7/Zion | Archive Adv. Shield Generator | -7/Zion | Archive Microactuators | -7/Zion | Archive Coil Gun | -7/Zion | Archive Component Analysis Suite | -7/Zion | Archive Imp. Medium Treads | -7/Zion | Archive Core Analyzer | -7/Zion | Archive Hyp. Gauss Cannon | -7/Zion | Archive Weapon Cycler | -7/Zion | Archive Hvy. Flak Cannon | -7/Zion | Archive Powered Hammer | -7/Zion | Archive Gauss Rifle | -7/Zion | Archive Robot Schematics ------------------ R-06 Scavenger | -7/Zion | Archive A-02 Transporter | -7/Zion | Archive O-24 Administrator | -7/Zion | Archive Fabricated ------------ Nothing Alien Tech Used ----------------- None Achievements -------------- Backstab Challenges ------------ None Game ------ Seed MiningGunStripper Manual? 0 Play Time 00:56:54 Cumulative 14.4 hours Start 2025.03.25 @ 20:51:27 End 2025.03.25 @ 21:51:59 Sessions 1 Manual Loads 0 Difficulty Rogue Special Mode None Game No. 9 Rogue 9 Adventurer 0 Explorer 0 Win Type - Total 0 Types 0/0/0/0/0/0/0/0/0 Lore% 12 Gallery% 16 Achievement% 15 Wizard Run 0 Options --------- Layout 1 ASCII 0 Keyboard 0 Movement Numpad Keybinds 0 Fullscreen 1 Font 24/Smallcaps Map View 50x35 Zoom Use 0% Tactical HUD 0 Map Filters NONE Filters NONE Steam 1 RUN: ff35524d-ce51-4101-be5b-4836f07fdca4